 Dungeon Crawl Stone Soup version 0.22-a0-756-gc33bbe721d (webtiles) character file.

727 Bapho the Slasher (level 7, -5/61 HPs)
             Began as a Grey Draconian Monk on July 16, 2018.
             Was a Priest of Qazlal.
             Slain by an ogre
             ... wielding a +0 giant club
              (15 damage)
             ... on level 5 of the Dungeon.
             The game lasted 00:09:31 (5114 turns).

Bapho the Slasher (Grey Draconian Monk)             Turns: 5114, Time: 00:09:31

Health: -5/61      AC:  5    Str: 14    XL:     7   Next: 44%
Magic:  10/10      EV: 15    Int: 10    God:    Qazlal [***...]
Gold:   152        SH:  4    Dex: 19    Spells: 6/6 levels left

rFire    . . .     SeeInvis .   a - +0 falchion
rCold    . . .     Gourm    .   (no shield)
rNeg     . . .     Faith    .   (armour unavailable)
rPois    .         Spirit   .   (helmet restricted)
rElec    .         Reflect  .   (no cloak)
rCorr    .         Harm     .   (no gloves)
MR       .....                  h - +2 pair of boots
Stlth    ++........             (no amulet)
HPRegen  0.20/turn              s - +3 ring of protection
MPRegen  0.12/turn              j - +4 ring of dexterity

@: corroded
A: walk through water, unfitting armour, unbreathing, cold-blooded, AC +11
a: Upheaval, Elemental Force, Renounce Religion


You were on level 5 of the Dungeon.
You worshipped Qazlal.
Qazlal was most pleased with you.
You were not hungry.

You visited 1 branch of the dungeon, and saw 5 of its levels.
You also visited: Sewer.

You collected 152 gold pieces.

Inventory:

Hand Weapons
 a - a +0 falchion (weapon)
Missiles
 l - 84 stones (quivered)
Armour
 h - a +2 pair of boots (worn)
Jewellery
 e - a -3 ring of dexterity
 j - a +4 ring of dexterity (right hand)
 s - a +3 ring of protection (left hand)
 t - an uncursed ring of protection from magic
Scrolls
 c - a scroll of teleportation
 g - a scroll of fog {unknown}
 i - a scroll of enchant armour {unknown}
 p - a scroll of random uselessness {unknown}
 q - a scroll of immolation {unknown}
Potions
 f - a potion of haste
 k - 3 potions of flight
 m - 3 potions of curing
 n - 2 potions of heal wounds
 r - a potion of brilliance
Comestibles
 b - 9 rations


   Skills:
 - Level 5.0 Fighting
 + Level 5.7 Long Blades
 - Level 4.0 Dodging
 - Level 1.7 Stealth
 - Level 4.8 Invocations


You had 6 spell levels left.
You didn't know any spells.
Your spell library was empty.

Dungeon Overview and Level Annotations

Branches:
Dungeon (5/15)
 Temple: D:4-7

Altars:
Fedhas
Qazlal
Wu Jian


Innate Abilities, Weirdness & Mutations

You can walk through water.
Your dull iron-grey scales are very hard. (AC +11)
You cannot fit into any form of body armour.
You can survive without breathing.
You are cold-blooded and may be slowed by cold attacks.


Message History

You hit the ogre.
The ogre is moderately wounded.
The ogre barely misses you.
You riposte.
You hit the ogre.
You tail-slap the ogre, but do no damage.
The ogre is heavily wounded.
You hit the ogre but do no damage.
The ogre is heavily wounded.
You hit the ogre but do no damage.
The ogre is heavily wounded.
The ogre hits you with a giant club!!
* * * LOW HITPOINT WARNING * * *
You closely miss the ogre.
The ogre is heavily wounded.
The ogre closely misses you.
You riposte.
You hit the ogre but do no damage.
The ogre is heavily wounded.
You hit the ogre.
You tail-slap the ogre, but do no damage.
The ogre is heavily wounded.
The ogre hits you with a giant club!
You die...

#|.# ...#
##.###############
..(.........O....#
##.#############.#
#.# #.# #.# #.#
#.# #O# #.# #@#
#.# #######.## #.#
#........# #.#
#.######## #.# #.#
#.# #.# #.#


You could see an ogre.

Vanquished Creatures
  Eustachio (D:4)
  Menkaure (D:4)
  An ogre (D:4)
  A big kobold (Sewer)
  A scorpion (D:4)
  A hound (D:4)
  A jelly (D:5)
  A hound skeleton (D:4)
  3 gnolls
  2 river rats (Sewer)
  7 adders
  An ooze (D:3)
  3 worms
  2 leopard geckos
  An orc (D:4)
  7 giant cockroaches
  7 hobgoblins
  8 jackals
  A quokka (D:3)
  4 ball pythons
  5 bats
  5 frilled lizards
  4 goblins
  8 kobolds
  A leopard gecko skeleton (D:4)
  A quokka skeleton (D:4)
  11 rats
89 creatures vanquished.

Notes
Turn   | Place    | Note
-------+----------+-------------------------------------------
     0 | D:1      | Bapho the Draconian Monk began the quest for the Orb.
     0 | D:1      | Reached XP level 1. HP: 19/19 MP: 1/1
   120 | D:1      | Reached XP level 2. HP: 26/26 MP: 2/2
  1072 | D:2      | Reached XP level 3. HP: 31/31 MP: 3/3
  1306 | D:2      | HP: 1/33 [gnoll/spear (9)]
  1836 | D:2      | Reached XP level 4. HP: 39/40 MP: 4/4
  1852 | D:2      | Found a blossoming altar of Fedhas.
  1853 | D:2      | Found a stormy altar of Qazlal.
  1862 | D:2      | Became a worshipper of Qazlal Stormbringer
  1862 | D:2      | Reached * piety under Qazlal
  1862 | D:2      | Reached ** piety under Qazlal
  3044 | D:3      | Found a glowing drain.
  3059 | D:3      | Reached *** piety under Qazlal
  3065 | Sewer    | Entered a sewer
  3079 | Sewer    | Reached XP level 5. HP: 25/46 MP: 5/5
  3402 | Sewer    | Reached skill level 5 in Long Blades
  3564 | Sewer    | Found a glowing silver altar of Zin.
  4094 | D:4      | Noticed Eustachio
  4112 | D:4      | Killed Eustachio
  4112 | D:4      | Reached skill level 5 in Fighting
  4112 | D:4      | Reached XP level 6. HP: 50/56 MP: 6/6
  4133 | D:4      | Reached skill level 1 in Invocations
  4383 | D:4      | Your scales start taking on a dull iron-grey colour.
  4383 | D:4      | Reached XP level 7. HP: 49/61 MP: 7/9
  4383 | D:4      | Gained mutation: You can survive without breathing. [Grey Draconian growth]
  4517 | D:4      | Noticed Menkaure
  4527 | D:4      | Killed Menkaure
  4722 | D:4      | Found an ornate altar of the Wu Jian Council.
  5001 | D:5      | Entered Level 5 of the Dungeon
  5114 | D:5      | Slain by an ogre

Vault maps used:
D:1:      onia_arrival_larder, serial_forest, infiniplex_forest_zigzag_2,
          infiniplex_forest_corner_1, infiniplex_forest_clump_double,
          infiniplex_forest_corner_1, infiniplex_forest_clump_diagonal,
          infiniplex_forest_end_1, infiniplex_forest_clump_diagonal
D:2:      grunt_temple_overflow_forces_of_nature
D:3:      cheibrodos_sewer_entry_bend, first_ration
D:4:      lemuel_round_altar, uniq_eustachio, uniq_menkaure
D:5:      lemuel_doored_altar
Sewer:    sewer_kobolds

Skill      XL: |  1  2  3  4  5  6  7 |
---------------+----------------------+-----
Dodging        | 3 4 |  4.0
Long Blades    | 4 5 |  5.7
Fighting       | 4 5 |  5.0
Invocations    | 3 4 |  4.8
Stealth        | |  1.7

Action                   |  1- 3 |  4- 6 |  7- 9 || total
-------------------------+-------+-------+-------++-------
Melee: Falchion          |    80 |   198 |    34 ||   312
       Tailslap          |    16 |    24 |     6 ||    46
Throw: Stone             |       |    98 |     7 ||   105
  Use: Scroll            |       |     5 |     3 ||     8
 Stab: Sleeping          |     4 |       |       ||     4
  Eat: Chunk             |     3 |     8 |     3 ||    14
Armor: Skin              |    16 |    62 |     5 ||    83
Dodge: Dodged            |    59 |   153 |    17 ||   229
Block: Other             |       |    38 |     3 ||    41
       Rpst.: Falchion   |    23 |    33 |     7 ||    63

Table legend:
 A = Spawn XP
 B = Non-spawn XP
 C = Spawn XP percentage of total XP
 D = Spawn monster count
 E = Non-spawn monster count
 F = Spawn count percentage of total count
 G = Total turns spent on level
                    A         B        C        D         E        F      G
               +---------+---------+-------+---------+---------+-------+---------
         Total |       0 |    1039 |   0.0 |       0 |      89 |   0.0 |  5114
               +---------+---------+-------+---------+---------+-------+---------
           D:1 |       0 |      38 |   0.0 |       0 |      18 |   0.0 |  1390
           D:2 |       0 |     117 |   0.0 |       0 |      25 |   0.0 |  1373
           D:3 |       0 |      56 |   0.0 |       0 |      20 |   0.0 |   722
           D:4 |       0 |     656 |   0.0 |       0 |      13 |   0.0 |   973
           D:5 |       0 |      42 |   0.0 |       0 |       2 |   0.0 |   113
         Sewer |       0 |     130 |   0.0 |       0 |      11 |   0.0 |   543
               +---------+---------+-------+---------+---------+-------+---------
